 Dungeon Crawl Stone Soup version 0.23.0-42-geed6394 (webtiles) character file.

Game seed: 0

7547 Flooderbenga the Cleaver (level 10, -6/88 HPs)
             Began as a White Draconian Abyssal Knight on Feb 27, 2019.
             Was a High Priest of Lugonu.
             Mangled by a steam dragon (10 damage)
             ... on level 9 of the Dungeon on Feb 28, 2019.
             The game lasted 01:21:25 (9805 turns).

Flooderbenga the Cleaver (DrAK)                     Turns: 9805, Time: 01:21:26

Health: -6/88      AC: 11    Str: 18    XL:     10   Next: 96%
Magic:  8/12       EV: 13    Int: 13    God:    Lugonu [*****.]
Gold:   758        SH:  0    Dex: 15    Spells: 0/13 levels left

rFire    . . .     SeeInvis .   a - +2 hand axe
rCold    + + .     Gourm    .   (no shield)
rNeg     . . .     Faith    .   (armour unavailable)
rPois    +         Spirit   .   x - +0 hat
rElec    .         Reflect  .   U - +1 cloak
rCorr    .         Harm     .   (no gloves)
MR       .....                  m - +1 pair of boots of Fanaticism {rC+}
Stlth    ++........             r - amulet of regeneration
HPRegen  0.64/turn              K - +5 ring of dexterity
MPRegen  0.13/turn              o - ring of poison resistance

@: short of breath, very slightly contaminated
A: breathe frost, unfitting armour, cold resistance 1, low mp 1, cold-blooded,
AC +7
a: Breathe Frost, Depart the Abyss, Bend Space, Banish, Corrupt, Enter the
Abyss, Renounce Religion


You were on level 9 of the Dungeon.
You worshipped Lugonu.
Lugonu was extremely pleased with you.
You were not hungry.

You visited 1 branch of the dungeon, and saw 10 of its levels.
You visited the Abyss 1 time.
You also visited: Ossuary.

You collected 758 gold pieces.

Inventory:

Hand Weapons
 a - a +2 hand axe (weapon)
 j - the +11 rapier of Lear {pierce, rF++ MP-9 Dex+2 SInv, unknown}
   (You found it on level 8 of the Dungeon)

   It inflicts extra damage upon your enemies.
   It affects your dexterity (+2).
   It greatly protects you from fire.
   It affects your magic capacity (-9).
   It lets you see invisible.
 v - a +0 whip of freezing
 J - a +0 mace of holy wrath
 L - a +3 quarterstaff of chaos
 S - a +0 war axe
 W - a +2 trident of venom
 X - a +0 hunting sling
 Y - a +3 flail of protection
Missiles
 s - 8 tomahawks
 y - 14 poisoned needles
 A - 61 sling bullets
 E - 372 stones (quivered)
 F - 5 tomahawks of dispersal
 Q - 121 arrows
Armour
 m - the +1 pair of boots of Fanaticism (worn) {rC+}
   (You found it on level 8 of the Dungeon)

   It protects you from cold.
 x - a +0 hat (worn)
 U - a +1 cloak (worn)
Magical Staves
 g - an uncursed staff of fire
Jewellery
 o - a ring of poison resistance (right hand)
 r - an amulet of regeneration (around neck)
 u - a +4 ring of intelligence
 K - a +5 ring of dexterity (left hand)
Wands
 i - a wand of disintegration (7)
 I - a wand of iceblast (6)
 P - a wand of paralysis (4)
 V - a wand of flame (5)
Scrolls
 f - a scroll of brand weapon {unknown}
 t - a scroll of enchant weapon
 B - a scroll of vulnerability
 C - a scroll of fog
 D - a scroll of amnesia
 G - 2 scrolls of immolation
 M - 2 scrolls of magic mapping
 N - 12 scrolls of remove curse
 O - a scroll of noise
 T - 4 scrolls of teleportation
Potions
 b - 3 potions of mutation
 c - 6 potions of curing
 h - 2 potions of brilliance
 k - a potion of magic
 l - 3 potions of flight
 p - 2 potions of lignification
 q - a potion of might
 w - 2 potions of resistance
 H - 3 potions of haste
 Z - 2 potions of heal wounds
Comestibles
 z - 25 rations


   Skills:
 - Level 8.0 Fighting
 - Level 9.8(11.3) Axes
 * Level 9.4(11.2) Maces & Flails
 + Level 3.2 Dodging
 + Level 1.0 Stealth
 - Level 2.2 Spellcasting
 + Level 2.9 Hexes
 - Level 2.1 Summonings
 - Level 2.0 Necromancy
 - Level 1.4 Translocations
 - Level 5.0 Invocations


You couldn't memorise any spells.
You knew the following spells:

 Your Spells              Type           Power        Failure   Level  Hunger
a - Confusing Touch       Hex            #.....       8%          1    ##.....
b - Animate Skeleton      Necr           N/A          11%         1    ##.....
c - Summon Small Mammal   Summ           #...         11%         1    ##.....
d - Passwall              Tmut/Erth      #.......     36%         2    ###....
e - Slow                  Hex            #.......     12%         2    ###....
f - Ensorcelled Hibernat  Hex/Ice        #.....       21%         2    ###....
g - Apportation           Tloc           #.....       14%         1    ##.....
t - Tukima's Dance        Hex            #.......     22%         3    ####...

Your spell library contained the following spells:

 Spells                   Type           Power        Failure   Level  Hunger
 Corona                   Hex            #......      8%          1    ##.....
 Pain                     Necr           #...         11%         1    ##.....
 Confuse                  Hex            #.......     22%         3    ####...
 Sandblast                Erth           #.....       26%         1    ##.....
 Portal Projectile        Hex/Tloc       #.....       30%         3    ####...
 Vampiric Draining        Necr           #.........   32%         3    ####...
 Dazzling Spray           Conj/Hex       #.....       38%         3    ####...
 Inner Flame              Hex/Fire       #.......     38%         3    ####...
 Regeneration             Chrm/Necr      #.........   45%         3    ####...
 Static Discharge         Conj/Air       #.......     58%         3    ####...
 Stone Arrow              Conj/Erth      #.....       58%         3    ####...
 Cause Fear               Hex            #.........   58%         4    #####..
 Animate Dead             Necr           N/A          73%         4    #####..
 Leda's Liquefaction      Hex/Erth       #.........   80%         4    #####..
 Petrify                  Tmut/Erth      #.......     94%         4    #####..
 Lee's Rapid Deconstruct  Erth           #.........   100%        5    ######.
 Lightning Bolt           Conj/Air       #.........   100%        5    ######.
 Ignition                 Fire           #.........   100%        8    #######
 Shatter                  Erth           #.........   100%        9    #######
 Tornado                  Air            #.........   100%        9    #######


Dungeon Overview and Level Annotations

Branches:
Dungeon (10/15)            Temple (0/1) D:7
   Lair: D:8-11         Orc: D:9-12

Altars:
Dithmenos
Gozag
Sif Muna
Vehumet
Wu Jian


Innate Abilities, Weirdness & Mutations

You can breathe waves of freezing cold.
You can buffet flying creatures when you breathe cold.
Your icy white scales are hard. (AC +7)
You cannot fit into any form of body armour.
Your flesh is cold resistant. (rC+)
You are cold-blooded and may be slowed by cold attacks.
Your magical capacity is low. (-10% MP)


Message History

You hit the crocodile.
The crocodile is severely wounded.
The steam dragon barely misses the crocodile.
The steam dragon claws the crocodile but does no damage.
The crocodile bites you.
You closely miss the crocodile.
The crocodile is severely wounded.
The steam dragon bites the crocodile!
The steam dragon claws the crocodile.
The steam dragon bites itself.
The steam dragon claws itself but does no damage.
The crocodile bites you!
* * * LOW HITPOINT WARNING * * *
Press: ? - help, v - describe, . - travel
Here: a crocodile (almost dead)
The floor, spattered with blood.
You barely miss the crocodile.
The crocodile is almost dead.
You completely miss the crocodile.
The crocodile is almost dead.
The crocodile bites you!
* * * LOW HITPOINT WARNING * * *
Press: ? - help, Shift-Dir - straight line, f - steam dragon
Aim: a steam dragon (lightly wounded, confused)
You exhale a wave of freezing cold.
The freezing breath hits the crocodile.
You kill the crocodile!
Lugonu accepts your kill.
Your Stealth skill increases to level 1!
The freezing breath hits the steam dragon!
The steam dragon is heavily wounded.
You are starving!
The steam dragon seems less confused.
Press: ? - help, v - describe, . - travel
Here: a steam dragon (heavily wounded)
The floor, spattered with blood.
You don't have the energy to cast that spell.
Unknown command.
You eat one of the 26 rations.
That ration really hit the spot!
The steam dragon breathes steam at you. The ball of steam hits you.
* * * LOW HITPOINT WARNING * * *
Space bends around you!
You blink.
The steam dragon bites you but does no damage.
The steam dragon claws you.
* * * LOW HITPOINT WARNING * * *
Evoke which item? (* to show all) (? for menu, Esc to quit)
Aiming: Disintegrate
Press: ? - help, Shift-Dir - straight line, f/p - steam dragon
Aim: a steam dragon (heavily wounded, catching its breath, chance to defeat MR: 65%)
The steam dragon is blasted!
The steam dragon bites you!
You die...

.#####.#########.#########.......
.......ZZ....ZZ..# #.......
.#####.#########.# #.#####. .#
#.# #.# #.# #. .# #.# #.# #.# #.
.# #.# #.#########.# #. .# #.#
#...........#####. .#
#.#########.#########....... .#
#......ยงยง>D@# #.#####.
.#####.#########.# #.# #.
.......# #.# #.# #. .#####.# #.#
#.# #. .# #.# #.#########.#####.
.# #.# #................. .# #.#
#...........#####. .# #.#
#..........,* #.
.#####.#########..........,* #.


You could see a steam dragon.

Vanquished Creatures
  A centaur warrior (D:8)
  Erica (D:8)
  Pikel (D:7)
  A gargoyle (D:8)
  2 hippogriffs
  Sigmund (D:2)
  A shadow (D:9)
  A spriggan (D:8)
  5 yaks
  A hungry ghost (D:7)
  The ghost of bananaglory the Magician, an amateur DrTm (D:3)
  Edmund (D:5)
  Menkaure (D:5)
  A porcupine (D:9)
  2 ice beasts
  2 sky beasts
  3 orc warriors
  5 phantoms
  5 ogres
  A centaur (D:9)
  A crocodile (D:9)
  3 bullfrogs
  A wyvern skeleton (D:7)
  5 scorpions
  4 wights (D:6)
  A howler monkey (D:9)
  An electric eel (D:6)
  3 crimson imps
  An orc priest (D:9)
  Crazy Yiuf (D:2)
  A bullfrog skeleton (D:4)
  A centaur skeleton (D:5)
  2 hounds
  6 orc wizards
  2 iguanas
  Terence (D:2)
  8 worker ants
  2 killer bee zombies
  2 hound zombies
  A hound skeleton (D:8)
  8 mummies (Ossuary)
  Robin (D:2)
  A howler monkey zombie (D:7)
  3 gnolls
  7 adders
  A shadow imp (D:8)
  2 oozes
  2 adder skeletons
  An adder zombie (D:5)
  5 worms
  4 dart slugs
  3 leopard geckos
  36 orcs
  11 bats
  6 giant cockroaches
  2 gnoll zombies (Ossuary)
  20 goblins
  13 hobgoblins
  7 jackals
  4 quokkas
  5 ball pythons
  7 frilled lizards
  2 hobgoblin zombies (Ossuary)
  4 kobolds
  A kobold zombie (Ossuary)
  A leopard gecko skeleton (D:4)
  3 orc zombies (Ossuary)
  A quokka zombie (D:5)
  4 rats
249 creatures vanquished.

Vanquished Creatures (collateral kills)
  An ice beast (D:7)
  Blork the orc (D:5)
  A crimson imp (D:8)
  A gnoll (D:7)
  2 orcs
  A quokka (D:8)
7 creatures vanquished.

Vanquished Creatures (others)
  A slave (D:7)
  A centaur (D:8)
  A plant (D:7)
3 creatures vanquished.

Grand Total: 259 creatures vanquished

Notes
Turn   | Place    | Note
-------+----------+-------------------------------------------
     0 | Abyss:1  | Flooderbenga the Draconian Abyssal Knight began the quest
                  | for the Orb.
     0 | Abyss:1  | Reached XP level 1. HP: 19/19 MP: 2/2
     3 | Abyss:1  | Found a corrupted altar of Lugonu.
   103 | Abyss:2  | Noticed a chaos spawn
   111 | Abyss:2  | Noticed a neqoxec
   111 | Abyss:2  | Gained mutation: Your magical capacity is low. (-10% MP) [a
                  | neqoxec]
   112 | D:1      | Escaped the Abyss
   159 | D:1      | Reached XP level 2. HP: 16/26 MP: 3/3
   161 | D:1      | Reached skill level 3 in Axes
   304 | D:1      | Reached * piety under Lugonu
   419 | D:1      | Reached XP level 3. HP: 31/31 MP: 4/4
  1148 | D:2      | Found an ornate altar of the Wu Jian Council.
  1171 | D:2      | Reached ** piety under Lugonu
  1187 | D:2      | Found a radiant altar of Vehumet.
  1230 | D:2      | Noticed Sigmund
  1241 | D:2      | Noticed Terence
  1248 | D:3      | Reached XP level 4. HP: 25/38 MP: 4/4
  1455 | D:3      | Found a runed translucent door.
  1455 | D:3      | Noticed bananaglory's ghost (amateur DrTm)
  1869 | D:3      | Learned a level 1 spell: Animate Skeleton
  1871 | D:3      | Learned a level 1 spell: Apportation
  1873 | D:3      | Learned a level 1 spell: Confusing Touch
  2001 | D:4      | Noticed an ogre
  2302 | D:4      | Found a shadowy altar of Dithmenos.
  2326 | D:4      | Reached skill level 1 in Necromancy
  2334 | D:4      | Reached XP level 5. HP: 23/45 MP: 5/5
  2393 | D:4      | Reached skill level 1 in Translocations
  2411 | D:4      | Reached skill level 1 in Hexes
  2421 | D:4      | HP: 2/45 [poisoned by a worker ant]
  2429 | D:4      | HP: 2/45 [poisoned by a worker ant]
  2899 | D:5      | Entered Level 5 of the Dungeon
  2904 | D:5      | Reached XP level 6. HP: 26/51 MP: 6/6
  2920 | D:5      | Noticed Menkaure
  3163 | D:5      | Noticed an ice beast
  3199 | D:5      | Found an opulent altar of Gozag.
  3238 | D:5      | Learned a level 1 spell: Summon Small Mammal
  3264 | D:5      | Reached skill level 6 in Axes
  3317 | D:5      | Noticed Edmund
  3554 | D:2      | Killed Terence
  3554 | D:2      | Your scales start taking on an icy white colour.
  3554 | D:2      | Reached XP level 7. HP: 50/57 MP: 7/7
  3554 | D:2      | Gained mutation: Your flesh is cold resistant. (rC+) [White
                  | Draconian growth]
  3586 | D:2      | Noticed Robin
  3587 | D:2      | Reached *** piety under Lugonu
  3598 | D:2      | Killed Robin
  3661 | D:2      | Found a runed translucent door.
  3662 | D:2      | Noticed Crazy Yiuf
  3673 | D:2      | Killed Crazy Yiuf
  3673 | D:2      | Reached skill level 1 in Summonings
  3821 | D:5      | Killed Edmund
  3821 | D:5      | Reached skill level 1 in Spellcasting
  4228 | D:5      | Reached XP level 8. HP: 31/67 MP: 10/10
  4465 | D:5      | Noticed Blork the orc
  4478 | D:5      | Killed Blork the orc
  4836 | D:5      | Learned a level 2 spell: Passwall
  4857 | D:5      | Killed Menkaure
  4857 | D:5      | Reached skill level 6 in Fighting
  5303 | D:6      | Reached **** piety under Lugonu
  5780 | D:6      | Found an opulent altar of Gozag.
  5851 | D:6      | Reached skill level 9 in Axes
  6120 | D:7      | Reached XP level 9. HP: 28/75 MP: 11/11
  6181 | D:7      | Reached skill level 1 in Maces & Flails
  6237 | D:7      | Found a staircase to the Ecumenical Temple.
  6245 | D:7      | Noticed Pikel
  6295 | D:7      | Paralysed by Pikel for 4 turns
  6302 | D:7      | Killed Pikel
  6660 | D:8      | Noticed a centaur warrior
  6738 | D:8      | Reached skill level 6 in Maces & Flails
  6963 | D:8      | Found a deep blue altar of Sif Muna.
  7054 | D:8      | Found a sand-covered staircase.
  7062 | Ossuary  | Entered an ossuary
  7101 | Ossuary  | Reached ***** piety under Lugonu
  7557 | D:8      | Noticed Erica
  7581 | D:8      | Noticed a gargoyle
  7671 | D:8      | Reached skill level 3 in Dodging
  7728 | D:7      | Upgraded the game from 0.23.0-38-g208d714 to
                  | 0.23.0-42-geed6394
  7860 | D:8      | Killed Erica
  7860 | D:8      | Reached XP level 10. HP: 61/84 MP: 11/11
  7900 | D:8      | Killed a gargoyle
  7900 | D:8      | Reached skill level 3 in Invocations
  7985 | D:8      | Got a pair of dazzling boots
  7994 | D:8      | Identified the +1 pair of boots of Fanaticism {rC+} (You
                  | found it on level 8 of the Dungeon)
  8077 | D:8      | Learned a level 2 spell: Slow
  8289 | D:8      | Killed a centaur warrior
  8342 | D:8      | Got a fine rapier
  8355 | D:9      | Learned a level 2 spell: Ensorcelled Hibernation
  8359 | D:9      | Learned a level 3 spell: Tukima's Dance
  8605 | D:9      | Noticed a cyclops
  8786 | D:8      | Reached skill level 9 in Maces & Flails
  9453 | D:3      | Killed bananaglory's ghost
  9516 | D:2      | Killed Sigmund
  9740 | D:10     | Entered Level 10 of the Dungeon
  9740 | D:10     | Noticed a centaur warrior
  9802 | D:9      | Reached skill level 1 in Stealth
  9804 | D:9      | HP: 3/88 [steam dragon (2)]
  9805 | D:9      | Mangled by a steam dragon

Skill      XL: |  1  2  3  4  5  6  7  8  9 10 |
---------------+-------------------------------+-----
Axes           | 3 4 5 6 7 9 |  9.8
Necromancy     | 1 2 |  2.0
Translocations | 1 |  1.4
Hexes          | 1 2 |  2.9
Summonings     | 2 |  2.1
Spellcasting   | 2 |  2.2
Fighting       | 4 6 8 |  8.0
Maces & Flails | 7 9 |  9.4
Dodging        | 3 |  3.2
Invocations    | 5 |  5.0
Stealth        | 1 |  1.0

Action                   |  1- 3 |  4- 6 |  7- 9 | 10-12 || total
-------------------------+-------+-------+-------+-------++-------
Melee: Hand axe          |   125 |    96 |       |   121 ||   342
       Tailslap          |    12 |    19 |    73 |    49 ||   153
       War axe           |       |    60 |   465 |   141 ||   666
Throw: Stone             |       |     1 |     5 |       ||     6
 Cast: Confusing Touch   |       |     6 |    31 |    30 ||    67
       Animate Skeleton  |       |     1 |    16 |    12 ||    29
       Summon Small Mamm |       |     1 |    12 |     9 ||    22
       Passwall          |       |       |     5 |       ||     5
Invok: Depart the Abyss  |     1 |       |       |       ||     1
       Bend Space        |       |       |     2 |     2 ||     4
 Abil: Breathe Frost     |       |       |     2 |     2 ||     4
Evoke: Wand              |       |       |    13 |     8 ||    21
  Use: Scroll            |     2 |     2 |    13 |     3 ||    20
       Potion            |       |     2 |     2 |     1 ||     5
 Stab: Confused          |       |     3 |    13 |    25 ||    41
       Sleeping          |       |       |     3 |     1 ||     4
       Distracted        |       |       |     1 |       ||     1
  Eat: Chunk             |     1 |     8 |    18 |     7 ||    34
       Ration            |       |       |       |     1 ||     1
Armor: Skin              |    46 |    54 |   150 |    67 ||   317
Dodge: Dodged            |    98 |   113 |   278 |   106 ||   595
